 Dungeon Crawl Stone Soup version 0.28-a0-2-g643f2454ad (webtiles) character file.

Game seed: 16602020101450834321

3830 Ge0ff the Slicer (level 9, -11/65 HPs)
             Began as a Vampire Necromancer on July 22, 2021.
             Was a Believer of Ashenzari.
             Shot with an arrow by a centaur (13 damage)
             ... on level 7 of the Dungeon.
             The game lasted 00:31:12 (10868 turns).

Ge0ff the Slicer (Vampire Necromancer)             Turns: 10868, Time: 00:31:13

Health: -11/65     AC:  6    Str:  7      XL:     9   Next: 97%
Magic:  13/13      EV: 12    Int: 17 (19) God:    Ashenzari [**....]
Gold:   329        SH:  0    Dex:  8 (14) Spells: 7/14 levels left

rFire   + . .      SeeInvis +   a - +4 rapier (elec)
rCold   . . .      Faith    .   (no shield)
rNeg    + . .      Spirit   .   F - +0 leather armour "Loss of Ashenzari" {Evo, Fort} (curse)
rPois   .          Reflect  .   (no helmet)
rElec   .          Harm     .   D - +0 cloak
rCorr   .          Rampage  .   O - +0 pair of gloves "Tethered Together" {Comp, Alch} (curse)
Will    .....                   (no boots)
Stlth   +++.......              Y - amulet "Dismay of the Cosmos" {RegenMP, Melee, Elem} (curse)
HPRegen 0.40/turn               C - ring "Cursed Scepticism" {rN+, Comp, Range} (curse)
MPRegen 0.38/turn               (no ring)

@: lethally poisoned (-11 -> -12), healing quickly, slowed, very slow
A: alive, fangs 3, see invisible, vampiric 2, clumsy 1, deterioration 1, fire
resistance 1
a: Exsanguinate, Renounce Religion, Shatter the Chains


You were on level 7 of the Dungeon.
You worshipped Ashenzari.
Ashenzari was pleased with you.
You visited 2 branches of the dungeon, and saw 9 of its levels.
You also visited: Ossuary.

You collected 329 gold pieces.

Inventory:

Hand Weapons
 a - a +4 rapier of electrocution (weapon)
 b - a +2 dagger of venom
 S - a +3 long sword
Missiles
 v - 7 curare-tipped darts {=f}
 y - 60 poisoned darts
 A - 168 stones
 J - 5 atropa-tipped darts
 Q - 17 javelins
 U - 8 boomerangs (quivered)
Armour
 d - a +0 robe
 z - a +0 scale mail
 D - a +0 cloak (worn)
 F - the cursed +0 leather armour "Loss of Ashenzari" (worn) {Evo, Fort}
   (You found it on level 1 of the Dungeon)

   It has a curse which improves the following skills: Evocations: Evocations.
   Fortitude: Armour and Shields.
 H - a +0 pair of gloves
 I - a +0 plate armour
 N - a +3 chain mail of fire resistance
 O - the cursed +0 pair of gloves "Tethered Together" (worn) {Comp, Alch}
   (You found it on level 4 of the Dungeon)

   It has a curse which improves the following skills: Companions: Summonings
   and Necromancy.
   Alchemy:   Poison Magic and Transmutations.
 W - a +2 robe of the Archmagi
Jewellery
 C - the cursed ring "Cursed Scepticism" (left hand) {rN+, Comp, Range}
   (You found it on level 1 of the Dungeon)

   [ring of positive energy]

   rN:        It protects you from negative energy.
   It has a curse which improves the following skills: Companions: Summonings
   and Necromancy.
   Ranged Combat: Slings, Bows, Crossbows and Throwing.
 Y - the cursed amulet "Dismay of the Cosmos" (around neck) {RegenMP, Melee, Elem}
   (You found it on level 5 of the Dungeon)

   [amulet of magic regeneration]

   It increases your rate of magic regeneration.
   It has a curse which improves the following skills: Melee Combat: Short
   Blades, Long Blades, Axes, Maces & Flails, Polearms, Staves and Unarmed
   Combat.
   Elements:  Fire Magic, Ice Magic, Air Magic and Earth Magic.
Wands
 k - a wand of iceblast (6)
 p - a wand of paralysis (7)
 P - a wand of polymorph (11)
Scrolls
 B - 3 scrolls of blinking
 E - a scroll of fear
 M - a scroll of amnesia
 T - 3 scrolls of teleportation
 V - 3 scrolls of vulnerability
Potions
 q - a potion of curing
 G - 2 potions of heal wounds {!q}
 K - a potion of magic {!q}
 L - 3 potions of lignification
 R - a potion of resistance
 X - 4 potions of flight
 Z - a potion of berserk rage {!q}


   Skills:
 + Level 4.0 Fighting
 * Level 9.0(10.4) Short Blades
 + Level 2.8(4.1) Throwing
 + Level 3.5(4.9) Armour
 + Level 5.0 Dodging
 + Level 7.2 Stealth
 + Level 3.0 Spellcasting
 + Level 0.0 Conjurations
 + Level 0.3 Hexes
 + Level 7.0(9.3) Necromancy
 + Level 3.1(4.4) Evocations


You had 7 spell levels left.
You knew the following spells:

 Your Spells              Type           Power      Damage    Failure   Level
d - Dazzling Flash        Conj/Hex       6%         N/A       56%         3
k - Pain                  Necr           100%       1d9       1%          1
C - Vampiric Draining     Necr           17%        2d8       1%          3

Your spell library contained the following spells:

 Spells                   Type           Power      Damage    Failure   Level
 Animate Skeleton         Necr           68%        N/A       1%          1
 Animate Dead             Necr           17%        N/A       5%          4
 Agony                    Necr           34%        N/A       14%         5
 Stone Arrow              Conj/Erth      4%         3d7       56%         3
 Airstrike                Air            1%         N/A       92%         4
 Animate Armour           Summ/Erth      6%         N/A       92%         4
 Summon Lightning Spire   Summ/Air       3%         N/A       92%         4
 Iskenderun's Mystic Bla  Conj/Tloc      2%         2d3       94%         4
 Lightning Bolt           Conj/Air       1%         1d12      100%        5
 Starburst                Conj/Fire      1%         8x6d3     100%        6
 Lehudib's Crystal Spear  Conj/Erth      1%         10d2      100%        8


Dungeon Overview and Level Annotations

Branches:
Dungeon (8/15)             Temple (1/1) D:7         Ossuary (visited)
   Lair: D:8-11

Altars:
Ashenzari
Makhleb
Okawaru
Sif Muna
Trog
Uskayaw
Vehumet
Xom
Yredelemnul
The Shining One

Shops:
D:5 =   D:6 =

Annotations:
D:7 exclusion: 4 centaurs


Innate Abilities, Weirdness & Mutations

Your natural rate of healing is accelerated.
You have razor-sharp teeth.
You have supernaturally acute eyesight. (SInv)
You are afflicted with vampirism and can become a bat while bloodless.
You are clumsy. (Dex -2)
Your body sometimes deteriorates upon taking damage.
Your flesh is heat resistant. (rF+)


Message History

The wight is almost destroyed.
The wight hits you with a +3 halberd of freezing!
The wight freezes you.
You closely miss the wight. You bite the wight.
You destroy the wight!
You hit the wight. Lightning courses through the wight!
The wight is almost destroyed.
You closely miss the wight.
The wight is almost destroyed.
The wight hits you with a +5 war axe! You partially resist.
You feel drained.
You closely miss the wight.
The wight is almost destroyed.
The wight closely misses you.
You hit the wight. Lightning courses through the wight!
You destroy the wight!
Your life force feels restored.
A wight comes into view.
It is wielding a +3 mace of freezing and quivering curare-tipped darts.
The wight moves out of view.
Items here: )) [[.
Things that are here:
a +2 flail of venom; a +0 robe
There is a stone staircase leading up here.
The wight throws a curare-tipped dart.
The curare-tipped dart hits you.
You are poisoned.
You have difficulty breathing.
You feel yourself slow down.
You feel very sick.
There is a stone staircase leading up here.
This staircase leads to a travel-excluded area!
Enter next level anyway?
Okay, then.
This staircase leads to a travel-excluded area!
Enter next level anyway?
You feel very sick.
You climb upwards.
Level annotation: exclusion: 4 centaurs You feel sick.
The centaur shouts!
You hear a shout! x2
The centaur shoots an arrow.
The arrow hits you.
* * * LOW HITPOINT WARNING * * *
The centaur shoots an arrow.
The arrow hits you!
* * * LOW HITPOINT WARNING * * *
The centaur shoots an arrow.
The arrow hits you but does no damage.
There is a stone staircase leading down here.
You feel sick.
The centaur shoots an arrow.
The arrow hits you!
* * * LOW HITPOINT WARNING * * *
Your body deteriorates!
You feel dopey.
The centaur shoots an arrow.
The arrow hits you!
You die...

#.#.#.#.#.##≈≈≈≈≈≈≈≈≈≈≈. , ,≈ ≈
).........##≈≈≈≈≈≈≈≈≈≈.c. c...≈≈≈
#.#.#.#.#.##≈≈≈≈≈≈≈≈≈≈.c# #.c.≈≈≈
.............≈≈≈≈≈≈≈≈≈c.# #.ccc≈≈
#.#.#.#.#####≈≈≈≈≈≈≈≈≈..# #...≈≈
.###.#...#####≈≈≈≈≈≈≈≈≈.#, #..≈≈
................≈≈≈≈≈≈≈.# ##.≈≈≈
.###.#.#..#####..≈≈≈≈≈≈.####.≈≈≈≈
.# #......# ##@..≈≈≈≈≈c.≈ # ##
###.##.# ##.#.≈≈≈≈≈≈ *# # #.##.##
#.#.##≈≈≈ ≈ ## ######.#...#
#.#.###..** * #. .........#.#
#.....#.# ##. .#####.#...#
###..#..#######.. .# #.#####
#.###.........# .#####.##
##.#.##.####### ........#
#########.###.#


You could see 3 centaurs.

Vanquished Creatures
  A centaur warrior (D:8)
  Prince Ribbit (D:6)
  A shadow (D:7)
  Menkaure (D:4)
  Edmund (D:4)
  A water moccasin (D:7)
  A black bear (D:5)
  An ice beast (D:7)
  A sky beast (D:6)
  An ogre (D:6)
  2 orc warriors (D:7)
  A phantom (D:7)
  An elf zombie (Ossuary)
  3 bullfrogs (D:7)
  3 scorpions
  9 wights
  3 howler monkeys (D:7)
  2 hounds
  2 bullfrog zombies
  2 human zombies (Ossuary)
  A jelly (D:5)
  2 orc priests
  6 iguanas
  2 bullfrog skeletons (D:6)
  Natasha (thrice) (D:4)
  7 orc wizards
  2 hound zombies (Ossuary)
  4 mummies (Ossuary)
  A howler monkey skeleton (D:7)
  5 adders
  2 adder zombies
  A worm (D:4)
  5 dart slugs
  20 orcs
  3 bats
  5 endoplasms
  3 giant cockroaches
  A goblin (D:1)
  10 hobgoblins
  7 quokkas
  5 ball pythons
  2 frilled lizards
  A goblin zombie (Ossuary)
  A hobgoblin zombie (Ossuary)
  A jackal zombie (Ossuary)
  2 kobolds (D:2)
  A kobold zombie (Ossuary)
  An orc zombie (Ossuary)
  A quokka zombie (D:7)
  2 rats
  2 rat zombies
147 creatures vanquished.

Notes
Turn   | Place    | Note
-------+----------+-------------------------------------------
     0 | D:1      | Ge0ff the Vampire Necromancer began the quest for the Orb.
     0 | D:1      | Reached XP level 1. HP: 13/13 MP: 3/3
   262 | D:1      | Reached skill level 1 in Fighting
   537 | D:1      | Reached XP level 2. HP: 19/21 MP: 0/5
   907 | D:2      | Reached skill level 5 in Necromancy
  1076 | D:2      | Gained mutation: You are afflicted with vampirism and can
                  | become a bat while bloodless. [Vampire growth]
  1076 | D:2      | Reached XP level 3. HP: 25/26 MP: 4/6
  1911 | D:3      | Learned a level 3 spell: Vampiric Draining
  2223 | D:3      | Found a faded altar of an unknown god.
  2236 | D:3      | Became a worshipper of Xom of Chaos
  2525 | D:2      | XOM: silly message
  2700 | D:3      | Reached XP level 4. HP: 20/33 MP: 5/7
  2995 | D:4      | Noticed Natasha
  3082 | D:4      | Noticed a scorpion
  3084 | D:4      | Killed a scorpion
  3085 | D:4      | Reached skill level 1 in Short Blades
  3161 | D:4      | XOM: butterfly on damage
  3209 | D:4      | Reached XP level 5. HP: 36/38 MP: 5/9
  3223 | D:4      | Killed Natasha
  3224 | D:4      | Reached skill level 2 in Short Blades
  3232 | D:4      | Reached skill level 1 in Throwing
  3279 | D:4      | XOM: god gift: wand of paralysis (9)
  3384 | D:4      | Noticed Natasha
  3396 | D:4      | Killed Natasha
  3551 | D:4      | Noticed Natasha
  3557 | D:4      | XOM: swap monsters
  3561 | D:4      | Killed Natasha
  3562 | D:4      | Reached skill level 3 in Short Blades
  3562 | D:4      | Reached skill level 1 in Evocations
  3562 | D:4      | Reached XP level 6. HP: 44/44 MP: 7/10
  3789 | D:4      | XOM: divination: detect items
  3930 | D:4      | Noticed Edmund
  3931 | D:4      | XOM: enchant monster (bad)
  3936 | D:4      | XOM: cast spell 'Alistair's Intoxication'
  3968 | D:4      | Killed Edmund
  4079 | D:4      | Found a broken altar of Ashenzari.
  4084 | D:4      | Fell from the grace of Xom
  4084 | D:4      | Became a worshipper of Ashenzari the Shackled
  4234 | D:4      | Reached skill level 4 in Short Blades
  4300 | D:4      | XOM: give mutations
  4300 | D:4      | Gained mutation: Your body sometimes deteriorates upon
                  | taking damage. [Xom's mischief]
  4300 | D:4      | Gained mutation: You are clumsy. (Dex -2) [Xom's mischief]
  4339 | D:4      | Noticed Menkaure
  4347 | D:4      | Killed Menkaure
  4348 | D:4      | Reached skill level 5 in Short Blades
  4348 | D:4      | Reached XP level 7. HP: 50/50 MP: 11/11
  4482 | D:5      | Entered Level 5 of the Dungeon
  4508 | D:5      | Found Uxax's Jewellery Boutique.
  4527 | D:5      | XOM: summons 2 hostile shadow creatures
  4619 | D:4      | XOM: summons 3 hostile shadow creatures
  5288 | D:5      | XOM: summons 13 hostile demons
  5289 | D:5      | Noticed a rust devil
  5289 | D:5      | Noticed a smoke demon
  5787 | D:5      | XOM: stat loss: -2 Str (5/7)
  5942 | D:5      | Reached skill level 1 in Armour
  5993 | D:5      | XOM: noise
  6158 | D:5      | XOM: 2-stop teleportation journey
  6392 | D:5      | Found Uxax's Jewellery Boutique.
  6724 | D:6      | Reached skill level 6 in Short Blades
  6756 | D:6      | Reached XP level 8. HP: 32/57 MP: 0/12
  7328 | D:6      | XOM: give mutation
  7328 | D:6      | Gained mutation: Your flesh is heat resistant. (rF+) [Xom's
                  | mischief]
  7542 | D:6      | Found Kasufyu's Jewellery Boutique.
  7649 | D:6      | XOM: draining
  7699 | D:6      | Noticed Prince Ribbit
  7711 | D:6      | Killed Prince Ribbit
  7773 | D:6      | Reached skill level 7 in Short Blades
  7778 | D:6      | Reached * piety under Ashenzari
  7783 | D:6      | Learned a level 3 spell: Dazzling Flash
  8034 | D:6      | XOM: stat loss: -3 Dex (10/13)
  8071 | D:6      | Found Kasufyu's Jewellery Boutique.
  8210 | D:6      | XOM: summons 5 hostile demons
  8604 | D:7      | Found a sand-covered staircase.
  8634 | Ossuary  | Entered an ossuary
  8944 | D:7      | Reached XP level 9. HP: 45/64 MP: 1/13
  9048 | D:7      | Found a staircase to the Ecumenical Temple.
  9067 | Temple   | Entered the Ecumenical Temple
  9100 | D:7      | Reached ** piety under Ashenzari
  9121 | D:7      | Reached skill level 5 in Stealth
  9204 | D:7      | XOM: 4-stop teleportation journey
  9427 | D:7      | Reached skill level 8 in Short Blades
  9535 | D:7      | Found a burning altar of Makhleb.
  9535 | D:7      | Found a basalt altar of Yredelemnul.
  9535 | D:7      | Found a bloodstained altar of Trog.
  9536 | D:7      | Found an iron altar of Okawaru.
  9537 | D:7      | Found a radiant altar of Vehumet.
  9538 | D:7      | Found a shimmering altar of Xom.
  9540 | D:7      | Found a shimmering blue altar of Sif Muna.
  9714 | D:7      | XOM: summons 7 hostile demons
 10198 | D:7      | XOM: summons 6 hostile demons
 10370 | D:8      | XOM: noise
 10707 | D:8      | Noticed a centaur warrior
 10716 | D:8      | Killed a centaur warrior
 10717 | D:8      | Reached skill level 9 in Short Blades
 10717 | D:8      | Reached skill level 5 in Dodging
 10868 | D:7      | HP: 2/65 [centaur/arrow (9)]
 10868 | D:7      | Shot with an arrow by a centaur

Illustrated notes

Levels and vault maps discovered:
D:1:      minmay_arrival_three_doors, layout_basic, serial_bayou_crossing
D:2:      layout_loops_corners
D:3:      layout_loops_ring, ebering_ecumenical_altar_sacrificial, minmay_puff
D:4:      layout_basic, cheibrodos_ashenzari_chains, uniq_edmund, uniq_menkaure,
          uniq_natasha
D:5:      layout_rooms, serial_shops, shop, lemuel_old_faithful
D:6:      layout_loops_ring, serial_shops, shop, st_stairs_13,
          roderic_lattice_a, uniq_prince_ribbit1
D:7:      layout_loops_ring, minitemple, minmay_temple_entry_antechambers,
          enter_ossuary_4, abandoned_shop, hangedman_decor_slide_cut,
          minmay_misc_feat_doors, st_stairs_10, centaur_isle
D:8:      layout_cave_pods, uniq_gastronok
Temple:   dshaligram_water_room_temple

Skill      XL: |  1  2  3  4  5  6  7  8  9 |
---------------+----------------------------+-----
Fighting       | 1 2 3 4 |  4.0
Necromancy     | 5 6 7 |  7.0
Short Blades   | 1 3 5 6 7 9 |  9.0
Throwing       | 1 2 |  2.8
Spellcasting   | 3 |  3.0
Evocations     | 1 2 3 |  3.1
Armour         | 1 2 3 |  3.5
Dodging        | 3 5 |  5.0
Stealth        | 4 7 |  7.2
Hexes          | |  0.3

Action                   |  1- 3 |  4- 6 |  7- 9 || total
-------------------------+-------+-------+-------++-------
Melee: Quarterstaff      |     9 |     2 |       ||    11
       Dagger            |       |    29 |    24 ||    53
       Bite              |       |     4 |    20 ||    24
       Short sword       |       |       |    50 ||    50
       Rapier            |       |       |   273 ||   273
Throw: Dart              |       |    14 |       ||    14
       Javelin           |       |       |     3 ||     3
       Stone             |       |       |     1 ||     1
       Boomerang         |       |       |    48 ||    48
 Cast: Pain              |    71 |    40 |    23 ||   134
       Vampiric Draining |       |    10 |    37 ||    47
Invok: Curse Item        |       |       |     4 ||     4
Evoke: Wand              |       |     9 |     7 ||    16
  Use: Scroll            |       |       |     6 ||     6
 Stab: Sleeping          |     1 |     2 |     6 ||     9
       Paralysed         |       |     4 |     2 ||     6
Armor: Robe              |     3 |     3 |    15 ||    21
       Leather armour    |       |       |   127 ||   127
Dodge: Dodged            |     9 |    19 |   258 ||   286

Table legend: (Time is in decaauts)
 A = Elapsed time spent in this place.
 B = Non-inter-level travel time spent in this place.
 C = Inter-level travel time spent in this place.
 D = Time resting spent in this place.
 E = Time spent auto-exploring this place.
 F = Levels seen in this place.
 G = Mean time per level.
                   A        B        C        D        E       F      G
               +--------+--------+--------+--------+--------+-----+--------+
         Total |  10842 |  10585 |    257 |   1694 |   6682 |  10 | 1084.2 |
       Dungeon |  10549 |  10292 |    257 |   1611 |   6676 |   8 | 1318.6 |
        Temple |     10 |     10 |      0 |      9 |      0 |   1 |   10.0 |
       Ossuary |    282 |    282 |      0 |     74 |      6 |   1 |  282.0 |
               +--------+--------+--------+--------+--------+-----+--------+

Top non-repeatable levels by time:
     D:6: 2058 daAuts
     D:5: 1884 daAuts
     D:4: 1703 daAuts
     D:7: 1452 daAuts
     D:2: 1166 daAuts
     D:3: 1134 daAuts
     D:1: 792 daAuts
     D:8: 358 daAuts
 Ossuary: 282 daAuts
  Temple: 10 daAuts
